 Dungeon Crawl Stone Soup version 0.29.1-2-gbd0b4ee654 (webtiles) character file.

Game seed: 6018428108260533690

567 MisterFreud the Twirler (level 7, -3/55 HPs)
             Began as a Formicid Gladiator on Nov 4, 2022.
             Killed from afar by Dowan (12 damage)
             ... with a puff of flame
             ... on level 5 of the Dungeon.
             The game lasted 00:03:15 (4516 turns).

MisterFreud the Twirler (Formicid Gladiator)        Turns: 4516, Time: 00:03:15

Health: -3/55      AC:  3    Str: 21    XL:     7   Next: 59%
Magic:  7/7        EV: 12    Int:  7    God:
Gold:   259        SH:  0    Dex: 15    Spells: 6/6 levels left

rFire   . . .      SeeInvis +   a - +0 quarterstaff
rCold   + . .      Faith    .   (no shield)
rNeg    . . .      Spirit   .   b - +0 leather armour
rPois   .          Reflect  .   (helmet unavailable)
rElec   .          Harm     .   (no cloak)
rCorr   .          Rampage  .   (no gloves)
Will    .....                   (no boots)
Stlth   +.........              (no amulet)
HPRegen 0.18/turn               j - ring of protection from cold
MPRegen 0.10/turn               (no ring)

@: mighty
A: permanent stasis, dig shafts and tunnels, antennae 3, four strong arms
a: Dig, Shaft Self


You were on level 5 of the Dungeon.
You visited 1 branch of the dungeon, and saw 5 of its levels.

You collected 259 gold pieces.

Inventory:

Hand Weapons
 a - a +0 quarterstaff (weapon)
Missiles
 c - 3 throwing nets (quivered)
 d - a javelin
Armour
 b - a +0 leather armour (worn)
Jewellery
 j - a ring of protection from cold (left hand)
Scrolls
 e - 3 scrolls of identify
 g - 2 scrolls of fog
Potions
 f - a potion of mutation
 i - a potion of attraction
 k - 2 potions of haste


   Skills:
 + Level 4.7 Fighting
 - Level 6.0 Staves
 - Level 2.0 Throwing
 + Level 4.0 Armour
 - Level 2.6 Dodging


You had 6 spell levels left.
You didn't know any spells.
Your spell library contained the following spells:

 Spells                   Type           Power      Damage    Failure   Level
 Ensorcelled Hibernation  Hex/Ice        0%         N/A       63%         2
 Gell's Gravitas          Tloc           0%         N/A       85%         3
 Spider Form              Tmut/Pois      0%         N/A       85%         3
 Teleport Other           Tloc           0%         N/A       85%         3
 Anguish                  Hex/Necr       0%         N/A       99%         4
 Dispersal                Tloc           0%         N/A       100%        6


Dungeon Overview and Level Annotations

Branches:
Dungeon (4/15)
 Temple: D:4-7

Altars:
Kikubaaqudgha
Sif Muna

Shops:
D:3 [

Annotations:
D:5 Dowan


Innate Abilities, Weirdness & Mutations

You cannot be hasted, slowed, berserked, paralysed or teleported.
You can dig through walls and to a lower floor.
You have a pair of large antennae on your head. (SInv)
Your four strong arms can wield two-handed weapons with a shield.


Message History

Duvessa is moderately wounded.
Duvessa hits you with a +0 short sword!
You sock Duvessa!
Duvessa is severely wounded.
Duvessa hits you with a +0 short sword.
You sock Duvessa!
You kill Duvessa!
You hear a distant wail of despair.
Your Armour skill increases to level 4!
Things that are here:
a +0 short sword; a +0 leather armour; the elf corpse of Duvessa Dowan shouts!
Dowan seems to find hidden reserves of power!
Dowan closely misses you.
Dowan zaps a wand.
The puff of flame hits you!
You hit Dowan.
Dowan is moderately wounded.
Dowan zaps a wand.
The puff of flame hits you.
You are too injured to fight recklessly!
You hit Dowan but do no damage.
Dowan is moderately wounded.
Dowan hits you with a +0 dagger. Dowan closely misses you.
You are too injured to fight recklessly!
You are too injured to fight recklessly!
You barely miss Dowan.
Dowan is moderately wounded.
Dowan mumbles some strange words.
Dowan blinks!
Dowan zaps a wand.
The puff of flame hits you. Dowan casts a spell at you.
The stone arrow hits you!
* * * LOW HITPOINT WARNING * * *
You are too injured to fight recklessly!
You aren't carrying any items that you can evoke.
You feel better. Dowan gestures at you while chanting.
The stone arrow misses you.
You hit Dowan.
Dowan is heavily wounded.
Dowan zaps a wand.
The puff of flame hits you!
You die...

######
##############......
.........)..#.....
###########.#..####
#.@.......#
#e#....##.#
...#....# #........#
#.#.#....#
#.#.#.##... # #.#..
.... ..".. ?...


You could see Dowan (fast).

Vanquished Creatures
  Grinder (D:3)
  Duvessa (D:5)
  A hound (D:4)
  An orc priest (D:3)
  An iguana (D:4)
  An orc wizard (D:4)
  A gnoll (D:1)
  5 adders
  A worm (D:2)
  7 dart slugs
  6 orcs
  8 endoplasms
  3 giant cockroaches
  8 goblins
  9 hobgoblins
  8 kobolds
  4 quokkas
  5 ball pythons
  2 bats (D:1)
  3 frilled lizards
  5 rats
81 creatures vanquished.

Notes
Turn   | Place    | Note
-------+----------+-------------------------------------------
     0 | D:1      | MisterFreud the Formicid Gladiator began the quest for the
                  | Orb.
     0 | D:1      | Reached XP level 1. HP: 16/16 MP: 1/1
   182 | D:1      | Reached XP level 2. HP: 20/22 MP: 2/2
   556 | D:1      | Reached skill level 4 in Staves
   556 | D:1      | Reached XP level 3. HP: 16/27 MP: 3/3
  1396 | D:2      | Reached XP level 4. HP: 29/33 MP: 4/4
  1529 | D:2      | Found an ancient bone altar of Kikubaaqudgha.
  1685 | D:2      | Found a faded altar of an unknown god.
  1755 | D:2      | Reached skill level 5 in Staves
  2136 | D:2      | Reached XP level 5. HP: 21/38 MP: 5/5
  3040 | D:3      | Reached skill level 6 in Staves
  3060 | D:3      | Found Ciyvit's Antique Armour Emporium.
  3228 | D:3      | Noticed Grinder
  3248 | D:3      | Killed Grinder
  3249 | D:3      | Reached XP level 6. HP: 23/48 MP: 6/6
  3249 | D:3      | Reached XP level 7. HP: 26/53 MP: 7/7
  3433 | D:3      | Found a faded altar of an unknown god.
  3438 | D:3      | Found a shimmering blue altar of Sif Muna.
  4221 | D:4      | Noticed a wyvern
  4229 | D:4      | You fall into a shaft and drop 1 floor!
  4229 | D:5      | Entered Level 5 of the Dungeon
  4496 | D:5      | Noticed Duvessa
  4496 | D:5      | Noticed Dowan
  4506 | D:5      | Killed Duvessa
  4513 | D:5      | HP: 2/55 [Dowan/stone arrow (15)]
  4516 | D:5      | Killed from afar by Dowan

Illustrated notes

Levels and vault maps discovered:
D:1:      dpeg_arrival_chambers_temple_mockup, layout_loops_cross, minivault_14
D:2:      layout_basic, hellmonk_ecumenical_altar_heavens_door, basic_altar
D:3:      layout_basic, nicolae_overflow_ecumenical_swirl, serial_shops, shop,
          uniq_grinder
D:4:      layout_loops_ring, old_standard_altar, serial_shops,
          nicolae_shop_crystal, uniq_robin
D:5:      layout_basic, nicolae_uskayaw_murder_on_the_dancefloor, serial_shops,
          nicolae_shop_bloodbath_and_beyond, uniq_duvessa

Skill      XL: |  1  2  3  4  5  6  7 |
---------------+----------------------+-----
Staves         | 4 5 6 |  6.0
Fighting       | 3 4 |  4.7
Armour         | 2 4 |  4.0
Throwing       | |  2.0
Dodging        | |  2.6

Action                   |  1- 3 |  4- 6 |  7- 9 || total
-------------------------+-------+-------+-------++-------
Melee: Quarterstaff      |    74 |   124 |    69 ||   267
 Abil: Shaft Self        |       |       |     1 ||     1
  Use: Scroll            |     5 |     2 |     1 ||     8
       Potion            |       |       |     2 ||     2
 Stab: Sleeping          |     1 |     3 |       ||     4
Armor: Leather armour    |    18 |    30 |     7 ||    55
Dodge: Dodged            |    45 |    74 |    40 ||   159
